 Dungeon Crawl Stone Soup version 0.21.1-1-g345015fe64 (webtiles) character file.

525 Loge the Conjurer (level 7, -4/36 HPs)
             Began as a Deep Elf Fire Elementalist on July 18, 2018.
             Killed by nerve-wracking pain
             ... invoked by an orc priest
              (14 damage)
             ... on level 4 of the Dungeon.
             The game lasted 00:11:40 (4710 turns).

Loge the Conjurer (Deep Elf Fire Elementalist)      Turns: 4710, Time: 00:11:40

Health: -4/36      AC:  2    Str: 11    XL:     7   Next: 2%
Magic:  7/17       EV: 13    Int: 22    God:
Gold:   224        SH:  0    Dex: 15    Spells: 7/17 levels left

rFire    . . .     SeeInvis .   f - +0 dagger
rCold    . . .     Gourm    .   (no shield)
rNeg     . . .     Faith    .   a - +0 robe
rPois    .         Spirit   .   (no helmet)
rElec    .         Reflect  .   (no cloak)
rCorr    .         Harm     .   (no gloves)
MR       .....                  (no boots)
Stlth    ++........             (no amulet)
HPRegen  0.12/turn              e - +6 ring of strength
MPRegen  0.15/turn              (no ring)

@: no status effects
A: no striking features
a: no special abilities


You were on level 4 of the Dungeon.
You were not hungry.

You visited 1 branch of the dungeon, and saw 4 of its levels.

You collected 224 gold pieces.

Inventory:

Hand Weapons
 f - a +0 dagger (weapon)
Armour
 a - a +0 robe (worn)
Jewellery
 e - a +6 ring of strength (left hand)
Wands
 o - a wand of digging (1)
Scrolls
 d - a scroll of fog {unknown}
 g - 3 scrolls of teleportation {unknown}
 h - 3 scrolls of identify {unknown}
 j - 3 scrolls of amnesia {unknown}
 k - a scroll of random uselessness {unknown}
 l - a scroll of immolation {unknown}
Potions
 i - a potion of berserk rage {unknown}
 m - 2 potions of might {unknown}
 n - 2 potions of degeneration {unknown}
 p - a potion of flight {unknown}
 r - a potion of curing
 s - a potion of brilliance {unknown}
Books
 b - a book of Flames

   Spells                             Type                      Level
   a - Flame Tongue                   Conjuration/Fire             1
   b - Throw Flame                    Conjuration/Fire             2
   c - Conjure Flame                  Conjuration/Fire             3
   d - Inner Flame                    Hexes/Fire                   3
   e - Sticky Flame                   Conjuration/Fire             4
   f - Fireball                       Conjuration/Fire             5
Comestibles
 c - 5 rations
 q - 10 chunks of flesh


   Skills:
 - Level 2.4 Dodging
 - Level 2.4 Stealth
 + Level 5.5 Spellcasting
 * Level 5.7 Conjurations
 + Level 5.2 Fire Magic


You had 7 spell levels left.
You knew the following spells:

 Your Spells              Type           Power        Failure   Level  Hunger
a - Flame Tongue          Conj/Fire      ####.        1%          1    None
b - Throw Flame           Conj/Fire      ####..       1%          2    None
c - Conjure Flame         Conj/Fire      ####....     3%          3    ##.....
d - Sticky Flame          Conj/Fire      ####....     10%         4    ####...


Dungeon Overview and Level Annotations

Branches:
Dungeon (4/15)
 Temple: D:4-7

Altars:
Nemelex Xobeh
Trog

Annotations:
D:4 Grinder; Gunterle's ghost, novice OpFi


Message History

You kill the orc!
The orc priest calls down the wrath of Beogh upon you.
Pain shoots through your body!
* * * LOW HITPOINT WARNING * * *
Casting: Flame Tongue
Confirm with . or Enter, or press ? or * to list all spells.
Aiming: Flame Tongue
Press: ? - help, Shift-Dir - straight line, f - orc priest
Aim: an orc priest, wielding a trident The flame tongue hits the orc priest.
The orc priest is severely wounded.
Casting: Flame Tongue
Confirm with . or Enter, or press ? or * to list all spells.
Aiming: Flame Tongue
Press: ? - help, Shift-Dir - straight line, f/p - orc priest
Aim: an orc priest, wielding a trident (severely wounded)
The flame tongue misses the orc priest.
The orc priest invokes the aid of Beogh against you.
Pain shoots through your body!
You die...

####8#8#8#8###.# #
#..#.#.#.#.###.## #.
#............#..#
##.%##..#.#.#.#.#....#
#...#..##8#8#8#8##.#.#
#.....############.#...
#...#..# ....... ##.
##.## ..###### #.o#
#.@# .## #####..####§#
#. ##.........oo. #
##......).......
#..........[....#
#........=......#
#....†W.........#
#....<...[?.....#
#........$...


You could see 2 orc priests.

Vanquished Creatures
  A phantom (D:4)
  An ogre (D:4)
  A hound (D:4)
  An iguana (D:4)
  An orc wizard (D:4)
  Ijyb (D:3)
  2 worker ants
  6 gnolls
  3 adders
  An ooze (D:3)
  An adder skeleton (D:4)
  4 worms
  A dart slug (D:1)
  2 leopard geckos
  7 orcs
  6 bats
  7 giant cockroaches
  9 goblins
  10 hobgoblins
  11 jackals
  6 kobolds
  A quokka (D:3)
  A ball python (D:3)
  4 frilled lizards
  5 rats
93 creatures vanquished.

Notes
Turn   | Place    | Note
-------+----------+-------------------------------------------
     0 | D:1      | Loge the Deep Elf Fire Elementalist began the quest for the Orb.
     0 | D:1      | Reached XP level 1. HP: 10/10 MP: 6/6
   223 | D:1      | Reached XP level 2. HP: 15/15 MP: 6/8
   227 | D:1      | Learned a level 2 spell: Throw Flame
   569 | D:1      | You fall through a shaft!
   652 | D:2      | Reached XP level 3. HP: 19/19 MP: 7/9
   657 | D:2      | Learned a level 3 spell: Conjure Flame
  1410 | D:2      | Reached XP level 4. HP: 24/24 MP: 3/11
  2424 | D:3      | Found a bloodstained altar of Trog.
  2424 | D:3      | Noticed Ijyb
  2458 | D:3      | Killed Ijyb
  2458 | D:3      | Reached XP level 5. HP: 28/28 MP: 0/13
  3295 | D:3      | Found a sparkling altar of Nemelex Xobeh.
  3613 | D:3      | Learned a level 4 spell: Sticky Flame
  3893 | D:4      | Noticed an ogre
  3897 | D:4      | Killed an ogre
  3897 | D:4      | Reached XP level 6. HP: 32/32 MP: 8/15
  3971 | D:4      | Reached skill level 5 in Spellcasting
  4030 | D:4      | Noticed Gunterle's ghost (novice OpFi)
  4262 | D:4      | Reached skill level 5 in Conjurations
  4266 | D:4      | Reached skill level 5 in Fire Magic
  4555 | D:4      | Reached XP level 7. HP: 36/36 MP: 6/17
  4682 | D:4      | Noticed Grinder
  4710 | D:4      | Killed from afar by an orc priest

Skill      XL: |  1  2  3  4  5  6 |
---------------+-------------------+-----
Conjurations   | 2 3 4 5 |  5.7
Fire Magic     | 4 5 |  5.2
Spellcasting   | 4 5 |  5.5
Dodging        | |  2.4
Stealth        | |  2.4

Action                   |  1- 3 |  4- 6 |  7- 9 || total
-------------------------+-------+-------+-------++-------
Melee: Unarmed           |     1 |       |       ||     1
       Dagger            |       |       |     3 ||     3
 Cast: Flame Tongue      |    56 |   108 |     7 ||   171
       Throw Flame       |     5 |    13 |     2 ||    20
       Conjure Flame     |     3 |    15 |     1 ||    19
  Eat: Chunk             |     2 |     9 |     2 ||    13
Armor: Robe              |     3 |     4 |       ||     7
Dodge: Dodged            |    17 |     8 |     3 ||    28
